[Event "9th Ferdowski Cup 2019"]
[Site "Mashhad"]
[Date "2019.03.02"]
[Round "3.1"]
[White "Mosadeghpour, Masoud"]
[Black "Daneshvar, Bardiya"]
[Result "1/2-1/2"]
[ECO "B15"]
[WhiteElo "2542"]
[BlackElo "2328"]
[Annotator "ChessBase"]
[PlyCount "120"]
[EventDate "2019.03.01"]
[EventType "swiss"]
[EventCountry "IRI"]
[SourceTitle "playchess.com"]
[Source "ChessBase"]
[SourceQuality "1"]
[TimeControl "5400+30"]

1. e4 c6 2. d4 d5 3. Nd2 dxe4 4. Nxe4 Nf6 5. Nxf6+ exf6 6. c3 Bd6 7. Bd3 O-O 8. Ne2 Re8 9. Qc2 g6 10. h4 h5 11. Bh6 Kh7 12. Bd2 Be6 13. O-O-O b5 14. f3 Bc4 15. Rhe1 Qa5 16. Nf4 Bxd3 17. Qxd3 Nd7 18. Kb1 Bxf4 19. Bxf4 b4 20. Rxe8 Rxe8 21. c4 Qd8 22. d5 c5 23. g4 hxg4 24. h5 Qe7 25. Rh1 Kg7 26. Bh6+ Kg8 27. hxg6 Ne5 28. gxf7+ Qxf7 29. Qf5 Qg6 30. Qxg6+ Nxg6 31. fxg4 Ne5 32. Re1 Kf7 33. g5 fxg5 34. Bxg5 Nxc4 35. Rf1+ Kg6 36. Rc1 Nb6 37. Bh4 Nxd5 38. Rxc5 Re5 39. Kc1 Nf4 40. Rxe5 Nd3+ 41. Kc2 Nxe5 42. Bg3 Nc6 43. Kd3 Kf5 44. Kc4 Ke6 45. Kc5 Kd7 46. b3 Ne7 47. Bd6 Nc6 48. Kd5 a5 49. Bg3 a4 50. bxa4 Na5 51. Be5 Kc8 52. Kc5 Kb7 53. Kb5 Nc6 54. Bf6 Na7+ 55. Kxb4 Nc6+ 56. Kc5 Na7 57. Bd4 Nc6 58. Bf2 Ne5 59. Kb5 Nc6 60. a3 Nb8 1/2-1/2

[Event "9th Ferdowski Cup 2019"]
[Site "Mashhad"]
[Date "2019.03.02"]
[Round "3.4"]
[White "Gholami Orimi, Mahdi"]
[Black "Rastbod, Ali"]
[Result "0-1"]
[ECO "E51"]
[WhiteElo "2408"]
[BlackElo "2214"]
[Annotator "NA"]
[PlyCount "76"]
[EventDate "2019.03.01"]
[EventType "swiss"]
[EventCountry "IRI"]
[SourceTitle "playchess.com"]
[Source "ChessBase"]
[SourceQuality "1"]
[TimeControl "5400+30"]

1. d4 Nf6 2. c4 e6 3. Nf3 Bb4+ 4. Nc3 O-O 5. e3 d5 6. a3 Bxc3+ 7. bxc3 c5 8. Bd3 b6 9. cxd5 exd5 10. Qe2 Bg4 11. O-O Nc6 12. Bb2 Re8 13. Rad1 c4 14. Bc2 Ne4 15. h3 Bh5 16. g4 Bg6 17. Kg2 f5 18. Ba4 Qd6 19. Nh4 f4 20. Bc2 Qf6 21. Nxg6 hxg6 22. Qf3 fxe3 23. Qxe3 Ng5 24. Qg3 Re2 25. Rc1 Rf8 26. a4 Qe6 27. Ba3 Rf3 28. Qh4 Rxc2 29. Rxc2 Qe4 30. Qxg5 Rxc3+ 31. f3 Rxc2+ 32. Kg3 Qe2 33. Qxg6 Nxd4 34. Qg5 Qg2+ 35. Kh4 Nxf3+ 36. Rxf3 Qxf3 37. Qd8+ Kh7 38. Qe8 Qf6+ 0-1

[Event "9th Ferdowski Cup 2019"]
[Site "Mashhad"]
[Date "2019.03.03"]
[Round "4.2"]
[White "Kreisl, Robert"]
[Black "Mosadeghpour, Masoud"]
[Result "1/2-1/2"]
[ECO "A45"]
[WhiteElo "2427"]
[BlackElo "2542"]
[Annotator "RC"]
[PlyCount "68"]
[EventDate "2019.03.01"]
[EventType "swiss"]
[EventCountry "IRI"]
[SourceTitle "playchess.com"]
[Source "ChessBase"]
[SourceQuality "1"]
[TimeControl "5400+30"]

1. d4 Nf6 2. Bg5 d5 3. Bxf6 exf6 4. e3 Bd6 5. c4 dxc4 6. Bxc4 O-O 7. Nc3 c5 8. dxc5 Be7 9. Qxd8 Bxd8 10. Rc1 Nd7 11. b4 a5 12. a3 axb4 13. axb4 Ne5 14. Be2 Nc6 15. b5 Na5 16. Bd1 Be6 17. Nf3 Rc8 18. Na4 Be7 19. Nd4 Bc4 20. Bg4 Rc7 21. b6 Rxc5 22. Nxc5 Bxc5 23. Be2 Bxd4 24. Bxc4 Bxb6 25. Bd5 Rd8 26. e4 f5 27. f3 fxe4 28. fxe4 Nc6 29. Bxc6 Rc8 30. Rb1 Rxc6 31. Ke2 Re6 32. Kd3 Rd6+ 33. Ke2 Re6 34. Kd3 Rd6+ 1/2-1/2

[Event "9th Ferdowski Cup 2019"]
[Site "Mashhad"]
[Date "2019.03.07"]
[Round "8.4"]
[White "Lorparizangeneh, Shahin"]
[Black "Dilanyan, Grigor"]
[Result "1/2-1/2"]
[ECO "E10"]
[WhiteElo "2493"]
[BlackElo "2244"]
[Annotator "RC"]
[PlyCount "47"]
[EventDate "2019.03.01"]
[EventType "swiss"]
[EventCountry "IRI"]
[SourceTitle "playchess.com"]
[Source "ChessBase"]
[SourceQuality "1"]
[TimeControl "5400+30"]

1. d4 Nf6 2. Nf3 c5 3. d5 e6 4. c4 b5 5. Bg5 exd5 6. cxd5 d6 7. e4 a6 8. a4 Be7 9. Bd3 Nxd5 10. Bxe7 Nxe7 11. axb5 O-O 12. O-O Bb7 13. Nc3 axb5 14. Rxa8 Bxa8 15. Bxb5 Qb6 16. Nd2 d5 17. exd5 Nxd5 18. Nc4 Qd8 19. Nxd5 Bxd5 20. Ne3 Be6 21. Qxd8 Rxd8 22. Rc1 Rd2 23. Rxc5 Rxb2 24. h4 1/2-1/2